AoeStats
← kekek

Arabia

507505561Analyzed
1v1 RM · 13d ago on Sep 18, 2026· 70m 50s· 2 players
Game mode
Random Map
Map size
Tiny (2 player)
Population
200
Speed
Normal
Resources
Standard
Victory
Conquest
Starting age
Dark Age
Ending age
Imperial Age
RankedLock teamsTeams togetherTeam positionsShared explorationLock speedFull tech treeHidden civsTurbo modeCheats
Victory
Defeat
🇻🇳 Byzantines · Vietnam
1032
+15
🇫🇷 Wu · France
1014
-15
Akumadebiru
7:27 Loom
39:40 Feudal Age
48:15 Castle Age
47:31 Scale Mail Armor
48:33 Double-Bit Axe
49:02 Squires
49:35 Pikeman
50:23 Elite Skirmisher
59:50 Sanctity
59:51 Fervor
59:32 Town Watch
kekek
5:46 Loom
9:37 Feudal Age
10:48 Double-Bit Axe
18:03 Horse Collar
24:51 Horse Collar
28:44 Fletching
46:06 Castle Age
44:22 Stone Mining
47:43 Bodkin Arrow
48:08 Thumb Ring
49:16 Crossbowman
50:04 Padded Archer Armor
53:34 Husbandry
58:19 Wheelbarrow
58:38 Scale Barding Armor
62:29 Heavy Plow
62:40 Bow Saw
63:31 Light Cavalry
64:43 Gold Mining
66:58 Gold Shaft Mining
67:04 Forging
69:44 Imperial Age
70:35 Logistica
70:46 Conscription
Connection lost

Rejoining the realm…

Still unreachable

The connection could not be restored.

Session expired

The server has moved on; the page needs a fresh start.